 Dungeon Crawl Stone Soup version 0.29.1-14-g9c671dbff4 (webtiles) character file.

Game seed: 12018542693870921771

170 javelincjr the Magician (level 5, -4/35 HPs)
             Began as a Djinni Conjurer on Feb 13, 2023.
             Slain by Natasha (8 damage)
             ... on level 3 of the Dungeon.
             The game lasted 00:09:10 (3339 turns).

javelincjr the Magician (Djinni Conjurer)           Turns: 3339, Time: 00:09:11

Health: -4/35      AC:  4    Str:  8    XL:     5   Next: 80%
Gold:   82         EV: 12    Int: 19    God:
                   SH:  0    Dex: 12

rFire   + + .      SeeInvis .   n - +0 club
rCold   . . .      Faith    .   (no shield)
rNeg    . . .      Spirit   .   m - +2 robe {Will+}
rPois   ∞          Reflect  .   (no helmet)
rElec   .          Harm     .   (no cloak)
rCorr   .          Rampage  .   (no gloves)
Will    +....                   (boots unavailable)
Stlth   ++........              (no amulet)
HPRegen 0.11/turn               c - ring of protection from cold
MPRegen 0.00/turn               (no ring)

@: flying
A: sickness immunity, fire resistance 2, cold vulnerability 1, float, innate
caster, HP casting, extra vitality 1
a: no special abilities


You were on level 3 of the Dungeon.
You visited 1 branch of the dungeon, and saw 3 of its levels.

You collected 115 gold pieces.
You spent 33 gold pieces at shops.

Inventory:

Hand Weapons
 n - a +0 club (weapon)
Armour
 a - a +0 robe
 m - a +2 robe of willpower (worn)
Jewellery
 c - a ring of protection from cold (left hand)
Scrolls
 b - 2 scrolls of teleportation {unknown}
 d - 2 scrolls of identify {unknown}
 f - a scroll of enchant weapon {unknown}
 i - a scroll of summoning {unknown}
 l - a scroll of poison {unknown}
Potions
 e - a potion of lignification {unknown}
 g - 2 potions of curing
 h - a potion of brilliance {unknown}
 j - a potion of flight {unknown}
 k - a potion of haste {unknown}


   Skills:
 + Level 0.1 Fighting
 + Level 2.6 Dodging
 + Level 2.2 Stealth
 + Level 4.8 Spellcasting


You couldn't memorise any spells.
You knew the following spells:

 Your Spells              Type           Power      Damage    Failure   Level
a - Magic Dart            Conj           92%        1d7       1%          1
b - Searing Ray           Conj           46%        2d6       2%          2
c - Dazzling Flash        Conj/Hex       46%        N/A       4%          3
d - Fulminant Prism       Conj/Hex       11%        3d9       17%         4
e - Iskenderun's Mystic   Conj/Tloc      23%        2d6       17%         4
f - Slow                  Hex            92%        N/A       1%          1
g - Blink                 Tloc           46%        N/A       2%          2
Your spell library was empty.

Dungeon Overview and Level Annotations

Branches:
Dungeon (3/15)

Altars:
Ashenzari

Shops:
D:3 !

Annotations:
D:3 Natasha


Innate Abilities, Weirdness & Mutations

You are immune to sickness and miasma.
You are immune to poison.
Your flesh is very heat resistant. (rF++)
You are vulnerable to cold. (rC-)
You float through the air rather than walking.
You learn spells naturally, not from books.
Your magical power is your life essence.
You have superior vitality. (+4 MHP)


Message History

Casting: Magic Dart (safe; 1% risk of failure)
Confirm with . or Enter, or press ? or * to list all spells.
The spell is quite dangerous to miscast (17% risk of failure)!
Continue anyway?
Aiming: Fulminant Prism (quite dangerous; 17% risk of failure)
Press: ? - help, Dir - move target, p - Natasha You miscast Fulminant Prism.
You are very lightly contaminated with residual magic.
Nothing appears to happen.
Unknown command.
The magic dart hits Natasha.
Natasha is moderately wounded.
Natasha wildly gestures.
Natasha glows brightly for a moment.
The crimson imp blinks!
The magic dart hits Natasha.
Natasha is heavily wounded.
The magic dart hits Natasha but does no damage.
Natasha is heavily wounded.
The magic dart hits Natasha.
Natasha is severely wounded.
Natasha casts a spell at you. The magic dart hits you.
You are too injured to fight recklessly!
n - a +0 club (weapon)
The crimson imp blinks!
Natasha misses you.
You hit Natasha but do no damage.
Natasha is severely wounded.
Natasha claws you.
Your magical contamination has completely faded away.
You hit Natasha but do no damage.
Natasha is severely wounded.
Natasha claws you.
* * * LOW HITPOINT WARNING * * *
Natasha claws you.
* * * LOW HITPOINT WARNING * * *
You closely miss Natasha.
Natasha is severely wounded.
The crimson imp puffs mist at you. Natasha claws you!
You die...

..............###########.#.
.............##≈≈≈≈≈≈≈≈##.+.
............##≈≈......≈≈###.
S.........†.....##≈≈...##...≈≈##.
...............##≈≈....##....≈≈##
..............##≈≈.....##.....≈≈#
..............#≈≈......##......≈≈
...?.....@....#≈......####......≈
..............#≈@....## ##.....≈
..[...........'h.##### #####.≈
#$..(........'..##### #####.≈
##...........#≈.....## ##.....≈
##........5.#≈......####......≈
##.........#≈≈......##......≈≈
.........######≈≈.)...##.....≈≈#
.........# ##≈≈....##....≈≈##
..........# ##≈≈...##...≈≈##


You could see Natasha and a crimson imp (summoned).

Vanquished Creatures
  Jessica (D:3)
  3 adders
  4 gnolls (D:2)
  4 worms
  3 dart slugs
  3 endoplasms
  8 goblins
  5 hobgoblins
  A jackal (D:2)
  10 kobolds
  4 quokkas
  2 ball pythons
  9 bats
  2 frilled lizards (D:2)
  3 rats (D:2)
62 creatures vanquished.

Notes
Turn   | Place    | Note
-------+----------+-------------------------------------------
     0 | D:1      | javelincjr the Djinni Conjurer began the quest for the Orb.
     0 | D:1      | javelincjr set off with the following spells memorised:
                  | Magic Dart, Searing Ray, Dazzling Flash, Fulminant Prism,
                  | Iskenderun's Mystic Blast.
     0 | D:1      | Reached XP level 1. HP: 15/15 MP: 0/0
   325 | D:1      | Reached XP level 2. HP: 17/21 MP: 0/0
   833 | D:1      | Reached XP level 3. HP: 23/25 MP: 0/0
   833 | D:1      | Learned a level 1 spell: Slow
  1236 | D:2      | Found a faded altar of an unknown god.
  1274 | D:2      | Reached skill level 4 in Spellcasting
  1521 | D:2      | Reached XP level 4. HP: 29/31 MP: 0/0
  2076 | D:2      | Found a broken altar of Ashenzari.
  2442 | D:2      | Reached XP level 5. HP: 30/35 MP: 0/0
  2442 | D:2      | Learned a level 2 spell: Blink
  2884 | D:3      | Found Qoekhec's Distillery.
  2890 | D:3      | Bought a potion of curing for 33 gold pieces
  3158 | D:3      | Noticed Jessica
  3173 | D:3      | Killed Jessica
  3328 | D:3      | Noticed Natasha
  3339 | D:3      | Slain by Natasha

Illustrated notes

Levels and vault maps discovered:
D:1:      dpeg_arrival_rhombi, layout_loops_ring
D:2:      layout_loops_cross, nicolae_ecumenical_pavilion, basic_altar,
          minmay_misc_feat_cross, st_stairs_13, minmay_fractal_squares_5
D:3:      layout_basic, mainiacjoe_overflow_concentric_impassable, serial_shops,
          shop, kennysheep_cross_room, uniq_jessica, uniq_natasha

Skill      XL: |  1  2  3  4  5 |
---------------+----------------+-----
Spellcasting   | 4 |  4.8
Stealth        | 2 |  2.2
Fighting       | |  0.1
Dodging        | |  2.6

Action                   |  1- 3 |  4- 6 || total
-------------------------+-------+-------++-------
Melee: Club              |       |     3 ||     3
 Cast: Magic Dart        |    56 |    70 ||   126
       Searing Ray       |       |     5 ||     5
Armor: Robe              |       |     1 ||     1
Dodge: Dodged            |     4 |     5 ||     9
